 Dungeon Crawl Stone Soup version 0.28-a0-1594-ga885d4b3d6 (webtiles) character file.

Game seed: 13812940793027618841

1855 enile the Skirmisher (level 9, -12/68 HPs)
             Began as a Djinni Hedge Wizard on Jan 21, 2022.
             Was a Priest of Nemelex Xobeh.
             Killed from afar by Blork the orc (18 damage)
             ... with a puff of frost
             ... on level 6 of the Dungeon.
             The game lasted 00:21:25 (9454 turns).

enile the Skirmisher (Djinni Hedge Wizard)          Turns: 9454, Time: 00:21:25

Health: -12/68     AC:  4    Str:  9    XL:     9   Next: 34%
Gold:   380        EV: 12    Int: 27    God:    Nemelex Xobeh [***...] SH:  0 Dex: 12

rFire   + + .      SeeInvis .   w - +0 morningstar
rCold   x . .      Faith    +   (no shield)
rNeg    . . .      Spirit   .   y - +0 leather armour
rPois   ∞          Reflect  .   c - +0 hat
rElec   .          Harm     .   n - +0 cloak
rCorr   .          Rampage  .   (no gloves)
Will    +....                   (boots unavailable)
Stlth   +.........              f - amulet of faith
HPRegen 0.21/turn               d - +6 ring of intelligence
MPRegen 0.00/turn               z - ring of willpower

@: flying
A: sickness immunity, fire resistance 2, cold vulnerability 1, float, innate
caster, hp casting, extra vitality 1
a: Renounce Religion, Draw Escape, Draw Destruction, Draw Summoning, Triple Draw


You were on level 6 of the Dungeon.
You worshipped Nemelex Xobeh.
Nemelex Xobeh was most pleased with you.
You visited 1 branch of the dungeon, and saw 6 of its levels.

You collected 380 gold pieces.

Inventory:

Hand Weapons
 a - a +0 dagger
 l - a +2 dagger of protection
 w - a +0 morningstar (weapon)
Armour
 b - a +0 robe
 c - a +0 hat (worn)
 h - a +0 ring mail of cold resistance
 k - a +0 chain mail
 n - a +0 cloak (worn)
 y - a +0 leather armour (worn)
 E - a +0 kite shield
Magical Staves
 i - a staff of conjuration
Jewellery
 d - a +6 ring of intelligence (left hand)
 f - an amulet of faith (around neck)
 z - a ring of willpower (right hand)
Wands
 B - a wand of charming (8)
Scrolls
 e - 2 scrolls of enchant weapon
 g - 3 scrolls of identify
 j - 2 scrolls of immolation {unknown}
 o - a scroll of fog
 p - 2 scrolls of blinking {unknown}
 q - a scroll of noise
 r - a scroll of brand weapon {unknown}
 s - 3 scrolls of enchant armour {unknown}
 u - a scroll of vulnerability {unknown}
 v - a scroll of amnesia {unknown}
 A - a scroll of fear {unknown}
 C - a scroll of teleportation {unknown}
Potions
 m - 2 potions of flight {unknown}
 t - a potion of berserk rage
 x - a potion of might {unknown}
 D - a potion of attraction {unknown}


   Skills:
 - Level 7.0 Fighting
 - Level 2.0 Maces & Flails
 - Level 3.0 Armour
 - Level 4.0 Dodging
 - Level 1.5 Stealth
 + Level 5.2 Spellcasting
 - Level 4.0 Invocations


You couldn't memorise any spells.
You knew the following spells:

 Your Spells              Type           Power      Damage    Failure   Level
a - Magic Dart            Conj           100%       1d8       1%          1
b - Blink                 Tloc           70%        N/A       1%          2
c - Call Imp              Summ           35%        N/A       1%          2
d - Slow                  Hex            100%       N/A       1%          1
e - Conjure Flame         Conj/Fire      35%        6-21      3%          3
f - Mephitic Cloud        Conj/Pois/Air  35%        N/A       3%          3
g - Sandblast             Erth           70%        2d15      1%          1
h - Searing Ray           Conj           70%        2d7       1%          2
i - Corpse Rot            Necr/Air       70%        N/A       1%          2
j - Tukima's Dance        Hex            35%        N/A       3%          3
Your spell library was empty.

Dungeon Overview and Level Annotations

Branches:
Dungeon (6/15)             Temple (0/1) D:4

Altars:
Dithmenos
Elyvilon
Fedhas
Nemelex Xobeh
Ru
Wu Jian

Annotations:
D:6 Blork the orc


Innate Abilities, Weirdness & Mutations

You are immune to sickness and miasma.
You are immune to poison.
Your flesh is very heat resistant. (rF++)
You are vulnerable to cold. (rC-)
You float through the air rather than walking.
You learn spells naturally, not from books.
Your magical power is your life essence.
You have superior vitality. (+4 MHP)


Message History

t - Shout!
Orders for allies: a - Attack new target. p - Attack previous target. r - Retreat! s - Stop attacking. g - Guard the area. f - Follow me.
Anything else - Cancel.
Gang up on whom?
Press: ? - help, Dir - move target, f - Blork the orc, p - hornet zombie
Aim: Blork the orc, wielding a +1 war axe of electrocution and wearing a +0 robe (fast, spells empowered, ally target) Attack!
Your crimson imp blinks!
Casting: Call Imp (safe; 1% risk of failure)
Confirm with . or Enter, or press ? or * to list all spells.
Okay, then.
Blork the orc screams, "I'll eat your brain!
And then I'll vomit it back up!"
Blork the orc points at you and mumbles some strange words.
The magic dart hits your hornet zombie.
Blork the orc hits your hornet zombie with a +1 war axe of electrocution!
Your hornet zombie is destroyed!
Blork the orc points at you and mumbles some strange words.
The puff of flame hits you. You resist.
* * * LOW HITPOINT WARNING * * *
Found a stone staircase leading up.
Something hits your crimson imp! x2
Lightning courses through your crimson imp!!
Your crimson imp dies!
Your crimson imp disappears in a puff of smoke!
e - 2 scrolls of enchant weapon (gained 1)
z - a ring of willpower (right hand) Blork the orc looks satisfied for a moment.
Casting: Call Imp (safe; 1% risk of failure)
Confirm with . or Enter, or press ? or * to list all spells.
Aiming: Slow (safe; 1% risk of failure)
Press: ? - help, Shift-Dir - straight line, f/p - Blork the orc
Aim: Blork the orc, wielding a +1 war axe of electrocution and wearing a +0 robe (fast, spells empowered, chance to affect: 64%) Blork the orc seems to slow down.
* * * LOW HITPOINT WARNING * * *
Found 8 gold pieces.
Blork the orc points at you and mumbles some strange words.
The puff of frost hits you!!
You feel a terrible chill!
You die...
Your body glows slightly and disappears.

..... # ..... ###. #.#
.. .## .#..# #.# ##..
### ....<# #.##...##
..### #.##..## #.#......
#...# #$# #..# #........
###.###.# #.###........
#..##.####..##.#......
##......o.....@....$..
.........####....#......
.#####...# ###..# ###.#
#.#..# #...# #.##.#
#....# .## #.# ...
#.##... ..# .###.# ###.
... ##.##.#
..##.########.. #.##.#
#.# .#....#.. ###..#.##


You could see Blork the orc (fast, empowered, slow).

Vanquished Creatures
  Grinder (D:6)
  An ice beast (D:5)
  A sky beast (D:6)
  A necrophage (D:6)
  A gnoll sergeant (D:6)
  A scorpion (D:5)
  A wyvern zombie (D:5)
  2 killer bees
  A centaur zombie (D:5)
  4 jellies
  A centaur skeleton (D:4)
  A bullfrog skeleton (D:5)
  7 gnolls
  3 adders
  2 adder skeletons
  3 worms
  8 orcs
  10 ball pythons
  7 bats
  6 endoplasms
  6 giant cockroaches
  15 goblins
  11 hobgoblins
  3 quokkas
  3 frilled lizards
  7 kobolds
  8 rats
115 creatures vanquished.

Vanquished Creatures (collateral kills)
  A centaur (D:6)
  An ogre (D:6)
  A scorpion (D:5)
  3 killer bees (D:4)
  2 hounds (D:5)
  2 iguanas (D:5)
  An orc wizard (D:3)
  A howler monkey zombie (D:5)
  2 gnolls (D:5)
  2 adders
  An orc (D:5)
  An endoplasm (D:1)
  3 giant cockroaches (D:1)
  7 goblins
  2 hobgoblins (D:3)
  A frilled lizard (D:1)
  A kobold (D:1)
32 creatures vanquished.

Vanquished Creatures (others)
  A hornet zombie (D:6)
  5 plants (D:4)
6 creatures vanquished.

Grand Total: 153 creatures vanquished

Notes
Turn   | Place    | Note
-------+----------+-------------------------------------------
     0 | D:1      | enile the Djinni Hedge Wizard began the quest for the Orb.
     0 | D:1      | Reached XP level 1. HP: 15/15 MP: 0/0
   257 | D:1      | Reached skill level 1 in Fighting
   403 | D:1      | Reached XP level 2. HP: 19/22 MP: 0/0
   836 | D:1      | Found a faded altar of an unknown god.
   993 | D:1      | Prayed at the altar of an unknown god.
   993 | D:1      | Became a worshipper of Nemelex Xobeh the Trickster
   993 | D:1      | Reached * piety under Nemelex Xobeh
  1072 | D:1      | Reached skill level 2 in Fighting
  1152 | D:1      | Reached skill level 1 in Invocations
  1152 | D:1      | Reached XP level 3. HP: 17/28 MP: 0/0
  1152 | D:1      | Learned a level 1 spell: Sandblast
  2873 | D:2      | Reached skill level 3 in Fighting
  2873 | D:2      | Reached XP level 4. HP: 33/35 MP: 0/0
  2964 | D:2      | Received a gift from Nemelex Xobeh
  3638 | D:2      | Found a sacrificial altar of Ru.
  3792 | D:3      | Reached ** piety under Nemelex Xobeh
  4172 | D:3      | Found a shadowy altar of Dithmenos.
  4413 | D:3      | Found an ornate altar of the Wu Jian Council.
  4563 | D:3      | Reached XP level 5. HP: 23/40 MP: 0/0
  4563 | D:3      | Learned a level 2 spell: Searing Ray
  4852 | D:3      | Received a gift from Nemelex Xobeh
  5092 | D:3      | Reached skill level 4 in Fighting
  5495 | D:4      | Reached XP level 6. HP: 34/47 MP: 0/0
  6092 | D:4      | Noticed a rust devil
  6111 | D:4      | HP: 2/47 [killer bee (2)]
  6166 | D:4      | Reached XP level 7. HP: 29/53 MP: 0/0
  6166 | D:4      | Learned a level 2 spell: Corpse Rot
  6238 | D:4      | Found a staircase to the Ecumenical Temple.
  6244 | D:4      | Received a gift from Nemelex Xobeh
  6290 | D:4      | Reached skill level 5 in Fighting
  6362 | D:4      | Found a blossoming altar of Fedhas.
  6369 | D:4      | Reached *** piety under Nemelex Xobeh
  6483 | D:4      | Found a white marble altar of Elyvilon.
  6794 | D:5      | Entered Level 5 of the Dungeon
  6968 | D:5      | Received a gift from Nemelex Xobeh
  7044 | D:5      | Reached XP level 8. HP: 9/61 MP: 0/0
  7359 | D:5      | Reached skill level 6 in Fighting
  7487 | D:5      | Reached skill level 1 in Maces & Flails
  8053 | D:5      | Reached skill level 1 in Armour
  8942 | D:6      | Reached XP level 9. HP: 35/66 MP: 0/0
  8942 | D:6      | Learned a level 3 spell: Tukima's Dance
  8949 | D:6      | Reached skill level 5 in Spellcasting
  9178 | D:6      | Noticed Grinder
  9178 | D:6      | Paralysed by Grinder for 2 turns
  9188 | D:6      | Paralysed by Grinder for 7 turns
  9208 | D:6      | Paralysed by Grinder for 5 turns
  9216 | D:6      | Killed Grinder
  9217 | D:6      | Reached skill level 7 in Fighting
  9437 | D:6      | Noticed Blork the orc
  9454 | D:6      | Killed from afar by Blork the orc

Illustrated notes

Levels and vault maps discovered:
D:1:      dpeg_arrival_ratfight, layout_basic,
          dreamdust_ecumenical_altar_hidden_monk_grotto, minivault_26,
          hangedman_abyss_or_decor_lesser_grid
D:2:      layout_loops_ring, basic_altar, hex_large, serial_bayou_pond_c,
          kennysheep_path_1, minmay_heptomino_d4
D:3:      cheibrodos_greedy_goblins, layout_loops_corners,
          nzn_wu_jian_council_hall, grunt_dithmenos_smoke_and_mirrors
D:4:      layout_cave_pools, overflow_temple_1_default, fedhas_ov_isle_minmay,
          minmay_temple_entry_ruins
D:5:      lemuel_ice_spiral_2, layout_rooms
D:6:      layout_rooms, uniq_blork_the_orc, uniq_grinder

Skill      XL: |  1  2  3  4  5  6  7  8  9 |
---------------+----------------------------+-----
Fighting       | 1 2 3 4 5 6 7 |  7.0
Invocations    | 1 3 4 |  4.0
Spellcasting   | 3 4 5 |  5.2
Dodging        | 3 4 |  4.0
Maces & Flails | 2 |  2.0
Armour         | 2 3 |  3.0
Stealth        | |  1.5

Action                   |  1- 3 |  4- 6 |  7- 9 || total
-------------------------+-------+-------+-------++-------
Melee: Dagger            |     8 |    22 |     2 ||    32
       Morningstar       |       |       |    35 ||    35
 Cast: Magic Dart        |    89 |   133 |    54 ||   276
       Call Imp          |     6 |     4 |    18 ||    28
       Mephitic Cloud    |     4 |     5 |     6 ||    15
       Blink             |       |     2 |       ||     2
       Searing Ray       |       |     9 |    11 ||    20
       Conjure Flame     |       |       |     4 ||     4
       Slow              |       |       |     2 ||     2
Invok: Draw Destruction  |       |     3 |     6 ||     9
       Draw Summoning    |       |     2 |     2 ||     4
       Draw Escape       |       |     1 |     4 ||     5
       Triple Draw       |       |       |     1 ||     1
Evoke: Wand              |       |       |     1 ||     1
  Use: Potion            |       |     2 |       ||     2
       Scroll            |       |       |     4 ||     4
 Stab: Distracted        |     1 |       |       ||     1
       Confused          |       |     1 |       ||     1
Armor: Robe              |     3 |    16 |     7 ||    26
       Leather armour    |       |       |    13 ||    13
       Skin              |       |       |     1 ||     1
Dodge: Dodged            |    40 |    41 |    38 ||   119

Table legend: (Time is in decaauts)
 A = Elapsed time spent in this place.
 B = Non-inter-level travel time spent in this place.
 C = Inter-level travel time spent in this place.
 D = Time resting spent in this place.
 E = Time spent auto-exploring this place.
 F = Levels seen in this place.
 G = Mean time per level.
                   A        B        C        D        E       F      G
               +--------+--------+--------+--------+--------+-----+--------+
         Total |   9455 |   9151 |    304 |    255 |   7471 |   6 | 1575.8 |
       Dungeon |   9455 |   9151 |    304 |    255 |   7471 |   6 | 1575.8 |
               +--------+--------+--------+--------+--------+-----+--------+

Top non-repeatable levels by time:
     D:1: 2345 daAuts
     D:3: 2052 daAuts
     D:5: 1625 daAuts
     D:2: 1422 daAuts
     D:4: 1255 daAuts
     D:6: 755 daAuts
